 Dungeon Crawl Stone Soup version 0.23-a0-49-gd9f7a49 (webtiles) character file.

100 topirishpotato the Insei (level 4, -2/28 HPs)
             Began as an Octopode Transmuter on Aug 7, 2018.
             Slain by a sky beast (6 damage)
             ... on level 3 of the Dungeon.
             The game lasted 00:05:41 (2746 turns).

topirishpotato the Insei (Octopode Transmuter)      Turns: 2746, Time: 00:05:41

Health: -2/28      AC:  1    Str:  9    XL:     4   Next: 74%
Magic:  7/7        EV: 14    Int: 15    God:
Gold:   159        SH:  0    Dex: 13    Spells: 4/7 levels left

rFire    . . .     SeeInvis .     - Unarmed
rCold    . . .     Gourm    .   (no shield)
rNeg     . . .     Faith    .   (helmet restricted)
rPois    .         Spirit   .   (no amulet)
rElec    .         Reflect  .   (no ring)
rCorr    .         Harm     .   (no ring)
MR       .....                  (no ring)
Stlth    +++.......             (no ring)
HPRegen  0.09/turn              (no ring)
MPRegen  0.10/turn              (no ring)
                                (no ring)
                                (no ring)

@: appendage (expiring), drained, invisible
A: almost no armour, stealthy swim, amphibious, 8 rings, constrict 8, tentacle
spike 3, camouflage 1, gelatinous body 1
a: End Transformation


You were on level 3 of the Dungeon.
You were hungry.
One of your tentacles had a temporary spike.
You visited 1 branch of the dungeon, and saw 3 of its levels.

You collected 159 gold pieces.

Inventory:

Missiles
 a - 47 arrows
Armour
 j - a +2 buckler
Wands
 m - a wand of clouds (5)
Scrolls
 b - 4 scrolls of remove curse {unknown}
 d - a scroll of teleportation {unknown}
 h - 2 scrolls of identify {unknown}
 i - a scroll of magic mapping {unknown}
 k - a scroll of fear {unknown}
 l - a scroll of enchant armour {unknown}
 o - a scroll of immolation {unknown}
Potions
 f - a potion of might {unknown}
 g - a potion of haste {unknown}
 n - a potion of resistance {unknown}
Comestibles
 c - 4 rations
 p - 3 chunks of flesh


   Skills:
 + Level 1.4(1.2) Fighting
 + Level 2.5(2.4) Dodging
 + Level 2.0(1.9) Stealth
 + Level 4.1(4.0) Unarmed Combat
 - Level 2.0(1.8) Spellcasting
 * Level 2.7(2.6) Transmutations


You had 4 spell levels left.
You knew the following spells:

 Your Spells              Type           Power        Failure   Level  Hunger
a - Beastly Appendage     Tmut           #.....       8%          1    ##.....
b - Sticks to Snakes      Tmut           #.......     12%         2    ###....

Your spell library contained the following spells:

 Spells                   Type           Power        Failure   Level  Hunger
 Spider Form              Tmut/Pois      #.........   36%         3    ####...
 Blade Hands              Tmut           #.........   91%         5    ######.
 Ice Form                 Ice/Tmut       #.......     78%         4    #####..


Dungeon Overview and Level Annotations

Branches:
Dungeon (3/15)

Altars:


Innate Abilities, Weirdness & Mutations

You cannot wear most types of armour.
You are very stealthy in the water. (Stealth+)
You are amphibious.
You can wear up to eight rings at the same time.
You can use your tentacles to constrict eight enemies at once.
Your skin changes colour to match your surroundings (Stealth+).
Your rubbery body absorbs attacks. (AC +1, EV +1)
One of your tentacles bears a large vicious spike.


Message History

You are feeling hungry.
You closely miss the sky beast. The sky beast completely misses you.
You closely miss the sky beast.
Your tentacle spike misses the sky beast.
The sky beast flickers out of sight!
Deactivating autopickup; reactivate with Ctrl-A.
Something hits you but does no damage.
You barely miss something. Something hits you. Something shocks you.
You tentacle-slap something. Something hits you. Something shocks you.
You closely miss something.
You pierce something.
Your transformation is almost over.
Something hits you. Something shocks you.
* * * LOW HITPOINT WARNING * * *
Unknown command.
It was a potion of invisibility.
You fade into invisibility!
Something hits you.
* * * LOW HITPOINT WARNING * * *
Something shocks you.
You die...

#.##.####..........####......#
.............................. .
#.##.######.##.###.#.......#.# .#
#.##.# #.##.#...........#.##$#
#.##.# #.##.#.................
#.##.# ###.##.#.....#####.#...
..##.. ...........(....#...#
#.##.######.##.##{..####.#...#. .
................@............##.#
.............##..###..#...##.#
#.....P....................
#######....................
#....................
#...##.####....#.#..#
###+#....................
.......###.#####...#.#..)
.......###.#####[........


There were no monsters in sight!

Vanquished Creatures
  A hound (D:2)
  An adder (D:3)
  2 worms
  3 dart slugs
  8 bats (D:1)
  2 giant cockroaches (D:1)
  5 goblins (D:1)
  4 hobgoblins
  10 kobolds
  4 ball pythons
  5 frilled lizards
  6 rats
51 creatures vanquished.

Notes
Turn   | Place    | Note
-------+----------+-------------------------------------------
     0 | D:1      | topirishpotato the Octopode Transmuter began the quest for the Orb.
     0 | D:1      | Reached XP level 1. HP: 13/13 MP: 3/3
   298 | D:1      | Reached XP level 2. HP: 18/18 MP: 3/5
   668 | D:1      | Reached XP level 3. HP: 23/23 MP: 4/6
  1117 | D:2      | Learned a level 2 spell: Sticks to Snakes
  1182 | D:2      | Found a faded altar of an unknown god.
  1763 | D:2      | Reached skill level 1 in Stealth
  1763 | D:2      | Reached skill level 4 in Unarmed Combat
  1763 | D:2      | Reached XP level 4. HP: 15/28 MP: 5/7
  2736 | D:3      | Noticed a sky beast
  2746 | D:3      | Slain by a sky beast

Vault maps used:
D:1:      onia_arrival_handbag, serial_park_tiny_1
D:2:      chequers_ecumenical_altar_grove
D:3:      corexii_shack_village, uniq_jessica

Skill      XL: |  1  2  3  4 |
---------------+-------------+-----
Stealth        | 1 2 |  2.0
Unarmed Combat | 4 |  4.1
Fighting       | |  1.4
Dodging        | |  2.5
Spellcasting   | |  2.0
Transmutations | |  2.7

Action                   |  1- 3 |  4- 6 || total
-------------------------+-------+-------++-------
Melee: Unarmed           |    73 |    36 ||   109
       Constrict         |    21 |    11 ||    32
       Kick              |    13 |     1 ||    14
       Tentacles         |     9 |     5 ||    14
       Punch             |     3 |     1 ||     4
 Cast: Beastly Appendage |    10 |     3 ||    13
  Use: Potion            |     2 |     1 ||     3
 Stab: Sleeping          |     8 |     4 ||    12
  Eat: Chunk             |     1 |     1 ||     2
       Ration            |     1 |       ||     1
Armor: Skin              |     6 |     3 ||     9
Dodge: Dodged            |    51 |    20 ||    71

Table legend:
 A = Spawn XP
 B = Non-spawn XP
 C = Spawn XP percentage of total XP
 D = Spawn monster count
 E = Non-spawn monster count
 F = Spawn count percentage of total count
 G = Total turns spent on level
                    A         B        C        D         E        F      G
               +---------+---------+-------+---------+---------+-------+---------
         Total |       0 |     144 |   0.0 |       0 |      51 |   0.0 |  2746
               +---------+---------+-------+---------+---------+-------+---------
           D:1 |       0 |      49 |   0.0 |       0 |      29 |   0.0 |  1113
           D:2 |       0 |      58 |   0.0 |       0 |      10 |   0.0 |  1265
           D:3 |       0 |      37 |   0.0 |       0 |      12 |   0.0 |   368
               +---------+---------+-------+---------+---------+-------+---------
